[Event "41st Arco Open 2019"]
[Site "Arco"]
[Date "2019.10.05"]
[Round "1"]
[White "Halkias, Stelios"]
[Black "Aimi, Luca"]
[Result "1-0"]
[ECO "D34"]
[WhiteElo "2530"]
[BlackElo "1921"]
[Annotator "ChessBase"]
[PlyCount "81"]
[EventDate "2019.10.04"]
[EventType "swiss"]
[EventCountry "ITA"]
[SourceTitle "playchess.com"]
[Source "ChessBase"]
[SourceQuality "1"]
[TimeControl "40/5400+30:1800+30"]

1. Nf3 {[%clk} Nf6 {[%clk} 2. c4 {[%clk} e6 {[%clk} 3. g3 {[%clk} d5 {[%clk} 4. Bg2 {[%clk} c5 5. cxd5 {[%clk} exd5 {[%clk} 6. d4 Nc6 7. O-O {[%clk} Be7 {[%clk} 8. dxc5 Bxc5 {[%clk} 9. Bg5 {[%clk} O-O {[%clk} 10. Nc3 {[%clk} d4 {[%clk} 11. Ne4 {[%clk} Be7 {[%clk} 12. Bxf6 {[%clk} Bxf6 {[%clk} 13. b4 {[%clk} d3 {[%clk} 14. Nxf6+ {[%clk} Qxf6 {[%clk} 15. Qxd3 Nxb4 16. Qd4 {[%clk} Qe7 17. Qb2 {[%clk} Nc6 18. Rfd1 {[%clk} Bg4 19. h3 {[%clk} Bxf3 20. Bxf3 Rfd8 21. e3 {[%clk} Rxd1+ 22. Rxd1 {[%clk} Nd8 23. Qb5 {[%clk} g6 24. Rd7 Qf6 25. Kg2 Rc8 26. h4 h5 27. Qg5 Qxg5 28. hxg5 Ne6 29. Bxb7 Rc2 30. Bd5 Nxg5 31. Rxa7 Kg7 32. a4 Kf6 33. a5 Ke5 34. Rd7 Ne4 35. Bxe4 Kxe4 36. Rxf7 Ra2 37. Rf6 g5 38. Rh6 h4 39. gxh4 g4 40. Rg6 g3 41. Kxg3 1-0

[Event "41st Arco Open 2019"]
[Site "Arco"]
[Date "2019.10.05"]
[Round "1"]
[White "Horvath, Jozsef"]
[Black "Ciola, Alberto"]
[Result "1-0"]
[ECO "A34"]
[WhiteElo "2450"]
[BlackElo "1896"]
[Annotator "ChessBase"]
[PlyCount "51"]
[EventDate "2019.10.04"]
[EventType "swiss"]
[EventCountry "ITA"]
[SourceTitle "playchess.com"]
[Source "ChessBase"]
[SourceQuality "1"]
[TimeControl "40/5400+30:1800+30"]

1. c4 {[%clk} Nf6 {[%clk} 2. Nf3 {[%clk} c5 {[%clk} 3. Nc3 {[%clk} Nc6 {[%clk} 4. e3 {[%clk} d5 5. cxd5 {[%clk} Nxd5 {[%clk} 6. Bb5 {[%clk} Ndb4 {[%clk} 7. d4 {[%clk} cxd4 {[%clk} 8. exd4 {[%clk} a6 {[%clk} 9. Bxc6+ {[%clk} Nxc6 10. d5 {[%clk} Nb8 {[%clk} 11. O-O {[%clk} g6 12. Re1 {[%clk} Bg7 {[%clk} 13. Bg5 {[%clk} f6 {[%clk} 14. Bf4 {[%clk} O-O {[%clk} 15. Nd4 {[%clk} Re8 {[%clk} 16. Qb3 e5 17. dxe6 Qxd4 18. e7+ Kh8 19. Qf7 Bd7 20. Bxb8 Raxb8 21. Rad1 Qg4 22. h3 Qf5 23. Rd5 Qc2 24. Rxd7 h5 25. Qxe8+ Rxe8 26. Rd8 1-0

[Event "41st Arco Open 2019"]
[Site "Arco"]
[Date "2019.10.05"]
[Round "1"]
[White "Molnar, Bela"]
[Black "Di Chiara, Mauro"]
[Result "1-0"]
[ECO "B78"]
[WhiteElo "2305"]
[BlackElo "1878"]
[Annotator "ChessBase"]
[PlyCount "59"]
[EventDate "2019.10.04"]
[EventType "swiss"]
[EventCountry "ITA"]
[SourceTitle "playchess.com"]
[Source "ChessBase"]
[SourceQuality "1"]
[TimeControl "40/5400+30:1800+30"]

1. e4 {[%clk} c5 {[%clk} 2. Nf3 {[%clk} Nc6 {[%clk} 3. Nc3 {[%clk} g6 {[%clk} 4. d4 {[%clk} cxd4 5. Nxd4 {[%clk} Bg7 {[%clk} 6. Be3 d6 {[%clk} 7. Qd2 {[%clk} Nf6 {[%clk} 8. f3 {[%clk} O-O {[%clk} 9. Bc4 {[%clk} Bd7 {[%clk} 10. h4 {[%clk} Rc8 {[%clk} 11. Bb3 {[%clk} h5 {[%clk} 12. O-O-O {[%clk} Ne5 {[%clk} 13. Bg5 {[%clk} Nc4 14. Qd3 {[%clk} Ne5 {[%clk} 15. Qd2 {[%clk} Nc4 16. Qe2 {[%clk} Na5 {[%clk} 17. Kb1 {[%clk} Nxb3 {[%clk} 18. axb3 {[%clk} Re8 {[%clk} 19. g4 {[%clk} Nxg4 20. fxg4 {[%clk} Bxg4 21. Qe3 {[%clk} Bxd1 22. Rxd1 Qd7 23. Nd5 f6 24. Rg1 fxg5 25. Qxg5 e6 26. Nf6+ Bxf6 27. Qxf6 Re7 28. Nxe6 Qxe6 29. Rxg6+ Kh7 30. Rh6+ 1-0

[Event "41st Arco Open 2019"]
[Site "Arco"]
[Date "2019.10.05"]
[Round "1"]
[White "Sedina, Elena"]
[Black "Wild, Helmut"]
[Result "1-0"]
[ECO "B10"]
[WhiteElo "2290"]
[BlackElo "1870"]
[Annotator "ChessBase"]
[PlyCount "29"]
[EventDate "2019.10.04"]
[EventType "swiss"]
[EventCountry "ITA"]
[SourceTitle "playchess.com"]
[Source "ChessBase"]
[SourceQuality "1"]
[TimeControl "40/5400+30:1800+30"]

1. e4 {[%clk} c6 {[%clk} 2. c4 {[%clk} d5 {[%clk} 3. exd5 {[%clk} cxd5 {[%clk} 4. cxd5 {[%clk} Nf6 {[%clk} 5. Nc3 {[%clk} a6 {[%clk} 6. Qa4+ {[%clk} Nbd7 {[%clk} 7. d4 {[%clk} Rb8 {[%clk} 8. Bf4 {[%clk} b5 {[%clk} 9. Qc2 {[%clk} Rb7 {[%clk} 10. Rc1 Nb6 {[%clk} 11. Be2 Nfxd5 12. Nxd5 Nxd5 {[%clk} 13. Qxc8 {[%clk} Qxc8 {[%clk} 14. Rxc8+ Kd7 {[%clk} 15. Rb8 1-0

[Event "41st Arco Open 2019"]
[Site "Arco"]
[Date "2019.10.05"]
[Round "1"]
[White "Bifulco, Michel"]
[Black "Tsiapouris, Michael"]
[Result "1-0"]
[ECO "D02"]
[WhiteElo "2276"]
[BlackElo "1862"]
[Annotator "ChessBase"]
[PlyCount "81"]
[EventDate "2019.10.04"]
[EventType "swiss"]
[EventCountry "ITA"]
[SourceTitle "playchess.com"]
[Source "ChessBase"]
[SourceQuality "1"]
[TimeControl "40/5400+30:1800+30"]

1. d4 {[%clk} d5 {[%clk} 2. Nf3 {[%clk} Nf6 {[%clk} 3. g3 {[%clk} Bg4 {[%clk} 4. Bg2 {[%clk} c6 5. h3 {[%clk} Bh5 {[%clk} 6. O-O {[%clk} e6 {[%clk} 7. c4 {[%clk} Be7 {[%clk} 8. Nc3 {[%clk} dxc4 {[%clk} 9. Ne5 {[%clk} O-O {[%clk} 10. Nxc4 {[%clk} Nbd7 {[%clk} 11. g4 {[%clk} Bg6 {[%clk} 12. e4 {[%clk} h6 {[%clk} 13. Bf4 {[%clk} Rc8 14. Nd6 {[%clk} Bxd6 15. Bxd6 Re8 16. f4 {[%clk} Nb6 17. e5 {[%clk} Nc4 18. Bc5 {[%clk} Ne3 19. Qf3 Nxf1 20. Bxf1 b6 21. Bd6 Qd7 22. Rd1 Nd5 23. Ne4 Bxe4 24. Qxe4 f5 25. gxf5 exf5 26. Qf3 Re6 27. Bc4 Rg6+ 28. Kh2 Qe6 29. b4 b5 30. Bb3 Kh8 31. Rc1 Qd7 32. a3 Qe6 33. Rc5 a6 34. Qh1 Qd7 35. Bxd5 cxd5 36. Qxd5 Re6 37. Rxc8+ Qxc8 38. Qc5 Qxc5 39. Bxc5 Kg8 40. d5 Re8 41. e6 1-0

[Event "41st Arco Open 2019"]
[Site "Arco"]
[Date "2019.10.05"]
[Round "1"]
[White "Fecker, Noah"]
[Black "Hilbenz, Guntram"]
[Result "1-0"]
[ECO "C41"]
[WhiteElo "2242"]
[BlackElo "1854"]
[Annotator "ChessBase"]
[PlyCount "61"]
[EventDate "2019.10.04"]
[EventType "swiss"]
[EventCountry "ITA"]
[SourceTitle "playchess.com"]
[Source "ChessBase"]
[SourceQuality "1"]
[TimeControl "40/5400+30:1800+30"]

1. e4 {[%clk} e5 {[%clk} 2. Nf3 {[%clk} d6 {[%clk} 3. d4 {[%clk} exd4 {[%clk} 4. Nxd4 {[%clk} Nf6 {[%clk} 5. Nc3 {[%clk} Be7 {[%clk} 6. g3 O-O {[%clk} 7. Bg2 {[%clk} Bg4 {[%clk} 8. Nde2 Nc6 {[%clk} 9. h3 {[%clk} Bd7 {[%clk} 10. O-O {[%clk} Re8 {[%clk} 11. g4 {[%clk} h6 {[%clk} 12. Ng3 {[%clk} Bf8 {[%clk} 13. f4 {[%clk} Nh7 14. Be3 {[%clk} Ne7 15. Qd2 c6 16. f5 b5 17. Nh5 f6 18. Rad1 Qc7 19. h4 b4 20. Ne2 c5 21. Nef4 Bc6 22. Ne6 Qb7 23. Ng3 Nc8 24. g5 hxg5 25. hxg5 fxg5 26. Bxg5 Be7 {[%clk} 27. Bxe7 Qxe7 28. e5 Bxg2 29. Qxg2 Rb8 30. Nh5 Rb7 31. Nhxg7 1-0

[Event "41st Arco Open 2019"]
[Site "Arco"]
[Date "2019.10.05"]
[Round "1"]
[White "Glienke, Manfred"]
[Black "Buchaeckert, Juergen"]
[Result "1/2-1/2"]
[ECO "D94"]
[WhiteElo "2238"]
[BlackElo "1847"]
[Annotator "ChessBase"]
[PlyCount "51"]
[EventDate "2019.10.04"]
[EventType "swiss"]
[EventCountry "ITA"]
[SourceTitle "playchess.com"]
[Source "ChessBase"]
[SourceQuality "1"]
[TimeControl "40/5400+30:1800+30"]

1. c4 {[%clk} Nf6 {[%clk} 2. Nc3 {[%clk} d5 {[%clk} 3. e3 {[%clk} g6 {[%clk} 4. Nf3 {[%clk} Bg7 5. d4 {[%clk} O-O {[%clk} 6. Bd2 {[%clk} c5 {[%clk} 7. dxc5 {[%clk} Na6 {[%clk} 8. cxd5 {[%clk} Nxc5 {[%clk} 9. Bc4 {[%clk} a6 {[%clk} 10. b4 {[%clk} Nce4 {[%clk} 11. Rc1 Bg4 12. h3 Nxd2 {[%clk} 13. Qxd2 Bxf3 14. gxf3 Rc8 15. Bb3 Qd7 16. Ke2 Rfd8 17. d6 Qxd6 18. Qxd6 Rxd6 19. Ne4 Rdc6 20. Rxc6 Rxc6 21. Ng5 e6 22. Rd1 h6 23. Rd8+ Bf8 24. Ne4 Nxe4 25. fxe4 Rd6 26. Rxd6 1/2-1/2

[Event "41st Arco Open 2019"]
[Site "Arco"]
[Date "2019.10.05"]
[Round "1"]
[White "Schneider, Johannes"]
[Black "Horvath, Csaba"]
[Result "0-1"]
[ECO "D87"]
[WhiteElo "1974"]
[BlackElo "2503"]
[Annotator "ChessBase"]
[PlyCount "58"]
[EventDate "2019.10.04"]
[EventType "swiss"]
[EventCountry "ITA"]
[SourceTitle "playchess.com"]
[Source "ChessBase"]
[SourceQuality "1"]
[TimeControl "40/5400+30:1800+30"]

1. d4 {[%clk} g6 {[%clk} 2. c4 {[%clk} Nf6 {[%clk} 3. Nc3 {[%clk} d5 {[%clk} 4. cxd5 {[%clk} Nxd5 {[%clk} 5. e4 {[%clk} Nxc3 {[%clk} 6. bxc3 {[%clk} Bg7 {[%clk} 7. Bc4 {[%clk} c5 {[%clk} 8. Ne2 Nc6 {[%clk} 9. Be3 {[%clk} O-O {[%clk} 10. O-O {[%clk} Bd7 {[%clk} 11. Rb1 {[%clk} Rc8 12. Bb5 {[%clk} e6 {[%clk} 13. d5 Na5 {[%clk} 14. c4 Bxb5 {[%clk} 15. Rxb5 b6 {[%clk} 16. Qc2 Re8 17. Rd1 exd5 18. Rxd5 Qh4 19. Ng3 f5 20. Bxc5 Nc6 {[%clk} 21. Ba3 Nd4 22. Qd2 Nxb5 23. cxb5 fxe4 24. Rd7 Qf6 25. Qd5+ Kh8 26. h3 e3 27. fxe3 Rxe3 28. Bb2 Qxb2 29. Rd8+ Re8 0-1

[Event "41st Arco Open 2019"]
[Site "Arco"]
[Date "2019.10.05"]
[Round "1"]
[White "Lukacs, Anna Kata"]
[Black "Petrov, Nikita"]
[Result "0-1"]
[ECO "C56"]
[WhiteElo "1900"]
[BlackElo "2586"]
[Annotator "ChessBase"]
[PlyCount "56"]
[EventDate "2019.10.04"]
[EventType "swiss"]
[EventCountry "ITA"]
[SourceTitle "playchess.com"]
[Source "ChessBase"]
[SourceQuality "1"]
[TimeControl "40/5400+30:1800+30"]

1. e4 {[%clk} e5 {[%clk} 2. Bc4 {[%clk} Nf6 {[%clk} 3. d4 {[%clk} exd4 {[%clk} 4. Nf3 {[%clk} Nc6 {[%clk} 5. e5 {[%clk} Ne4 {[%clk} 6. Bd5 Nc5 {[%clk} 7. O-O {[%clk} Be7 {[%clk} 8. Nxd4 Nxe5 {[%clk} 9. f4 Nc6 {[%clk} 10. Nf5 Bf6 11. Re1+ Ne6 12. Qg4 O-O 13. Nc3 Ncd4 14. Be4 Nxf5 15. Bxf5 d5 16. Rd1 c6 17. Rd3 Nd4 18. Bxc8 Qxc8 19. Qh5 Qf5 20. Qxf5 Nxf5 21. Ne2 Rfe8 22. Kf2 Re6 23. Bd2 Rae8 24. Re1 Bxb2 25. Rb3 Bf6 26. Rxb7 Nd6 27. Rxa7 Ne4+ {[%clk} 28. Ke3 Nc3+ {[%clk} 0-1

[Event "41st Arco Open 2019"]
[Site "Arco"]
[Date "2019.10.05"]
[Round "1"]
[White "Grosse-Honebrink, Brigitte"]
[Black "Okhotnik, Vladimir"]
[Result "0-1"]
[ECO "A41"]
[WhiteElo "1893"]
[BlackElo "2363"]
[Annotator "ChessBase"]
[PlyCount "64"]
[EventDate "2019.10.04"]
[EventType "swiss"]
[EventCountry "ITA"]
[SourceTitle "playchess.com"]
[Source "ChessBase"]
[SourceQuality "1"]
[TimeControl "40/5400+30:1800+30"]

1. d4 {[%clk} g6 {[%clk} 2. Nf3 {[%clk} Bg7 {[%clk} 3. Bf4 {[%clk} d6 {[%clk} 4. e3 {[%clk} Nd7 5. Be2 {[%clk} e5 {[%clk} 6. Bg3 {[%clk} Ne7 {[%clk} 7. Nbd2 {[%clk} Nf5 {[%clk} 8. c3 {[%clk} O-O {[%clk} 9. e4 {[%clk} Nxg3 {[%clk} 10. hxg3 {[%clk} exd4 {[%clk} 11. cxd4 {[%clk} c5 12. Nb3 {[%clk} Re8 {[%clk} 13. dxc5 {[%clk} Nxc5 14. Nxc5 {[%clk} Qa5+ {[%clk} 15. Kf1 {[%clk} dxc5 {[%clk} 16. Qc2 {[%clk} h6 {[%clk} 17. a3 Be6 {[%clk} 18. Nd2 b5 {[%clk} 19. f4 Rad8 {[%clk} 20. Nf3 c4 21. Rd1 Rxd1+ {[%clk} 22. Bxd1 Rd8 {[%clk} 23. Be2 Bg4 {[%clk} 24. e5 {[%clk} Bxf3 {[%clk} 25. gxf3 Qd2 {[%clk} 26. Qb1 Bf8 {[%clk} 27. e6 f5 28. e7 Bxe7 {[%clk} 29. Rxh6 Kg7 {[%clk} 30. Rh2 Bf6 {[%clk} 31. Rg2 Rh8 {[%clk} 32. Qd1 Bd4 {[%clk} 0-1

[Event "41st Arco Open 2019"]
[Site "Arco"]
[Date "2019.10.05"]
[Round "1"]
[White "Prelati, Maurizio"]
[Black "Qendro, Llambi"]
[Result "1/2-1/2"]
[ECO "B06"]
[WhiteElo "1884"]
[BlackElo "2312"]
[Annotator "ChessBase"]
[PlyCount "58"]
[EventDate "2019.10.04"]
[EventType "swiss"]
[EventCountry "ITA"]
[SourceTitle "playchess.com"]
[Source "ChessBase"]
[SourceQuality "1"]
[TimeControl "40/5400+30:1800+30"]

1. e4 {[%clk} g6 {[%clk} 2. d4 {[%clk} Bg7 {[%clk} 3. f4 {[%clk} c6 {[%clk} 4. Nf3 {[%clk} d5 5. e5 {[%clk} Nh6 {[%clk} 6. Be2 {[%clk} O-O {[%clk} 7. c3 {[%clk} Bg4 {[%clk} 8. Na3 {[%clk} e6 {[%clk} 9. O-O {[%clk} Nf5 {[%clk} 10. Nc2 {[%clk} Nd7 {[%clk} 11. b3 {[%clk} Qb6 12. Ne3 {[%clk} Bxf3 13. Rxf3 {[%clk} Nxe3 14. Bxe3 {[%clk} f6 15. Qd2 Rf7 16. Raf1 Raf8 17. g3 Qc7 18. Kg2 Bh6 19. c4 fxe5 20. fxe5 Rxf3 21. Rxf3 Rxf3 22. Bxf3 Bxe3 23. Qxe3 Qa5 24. Qf2 Qd8 25. cxd5 cxd5 26. Bg4 Nf8 27. Qd2 Qe7 28. h4 Kg7 29. Qf2 Qd8 1/2-1/2

[Event "41st Arco Open 2019"]
[Site "Arco"]
[Date "2019.10.05"]
[Round "1"]
[White "Blasco, Domenico"]
[Black "Dittmar, Peter"]
[Result "0-1"]
[ECO "A06"]
[WhiteElo "1873"]
[BlackElo "2259"]
[Annotator "ChessBase"]
[PlyCount "108"]
[EventDate "2019.10.04"]
[EventType "swiss"]
[EventCountry "ITA"]
[SourceTitle "playchess.com"]
[Source "ChessBase"]
[SourceQuality "1"]
[TimeControl "40/5400+30:1800+30"]

1. Nf3 {[%clk} d5 {[%clk} 2. b3 {[%clk} c6 {[%clk} 3. Bb2 {[%clk} Bg4 {[%clk} 4. Ne5 {[%clk} Bf5 {[%clk} 5. d3 {[%clk} f6 {[%clk} 6. Nf3 e5 {[%clk} 7. Nbd2 {[%clk} Nh6 {[%clk} 8. e4 {[%clk} Bg6 {[%clk} 9. g3 {[%clk} Bb4 {[%clk} 10. a3 Ba5 {[%clk} 11. b4 {[%clk} Bc7 {[%clk} 12. Bg2 {[%clk} O-O {[%clk} 13. O-O {[%clk} Nd7 14. c4 d4 {[%clk} 15. c5 Bf7 {[%clk} 16. Qc2 Be6 {[%clk} 17. a4 {[%clk} Qe7 {[%clk} 18. Ba3 Qf7 {[%clk} 19. Rab1 a6 {[%clk} 20. Bc1 Rfc8 21. Nb3 Qh5 {[%clk} 22. Na5 {[%clk} Rab8 {[%clk} 23. Nc4 Nf7 24. Ba3 Bd8 25. Rb2 Be7 26. Rfb1 Nd8 27. Nd6 Bxd6 28. cxd6 b5 29. Rc1 Qf7 {[%clk} 30. axb5 axb5 31. Nd2 Qf8 32. Nb3 Qxd6 33. Rbb1 Ra8 34. Qb2 Qe7 {[%clk} 35. Nc5 Nxc5 36. Rxc5 Ra6 37. Qc1 Rca8 38. Bb2 Qd6 39. Ra1 Ba2 40. f4 h6 41. fxe5 fxe5 42. Qd2 Nb7 43. Rc2 Bb3 44. Rxa6 Rxa6 45. Rc1 Ra2 46. Rf1 Be6 {[%clk} 47. Rc1 Kh7 48. h4 Bg4 {[%clk} 49. Kh2 c5 50. bxc5 Nxc5 51. Qb4 Rxb2 52. Qa3 b4 53. Qa7 Bf3 54. Rxc5 Rxg2+ 0-1

[Event "41st Arco Open 2019"]
[Site "Arco"]
[Date "2019.10.05"]
[Round "1"]
[White "Hocevar, Nikola"]
[Black "Zwahr, Paul"]
[Result "0-1"]
[ECO "E66"]
[WhiteElo "1864"]
[BlackElo "2282"]
[Annotator "ChessBase"]
[PlyCount "42"]
[EventDate "2019.10.04"]
[EventType "swiss"]
[EventCountry "ITA"]
[SourceTitle "playchess.com"]
[Source "ChessBase"]
[SourceQuality "1"]
[TimeControl "40/5400+30:1800+30"]

1. d4 {[%clk} Nf6 {[%clk} 2. Nf3 {[%clk} g6 {[%clk} 3. g3 {[%clk} Bg7 {[%clk} 4. Bg2 {[%clk} O-O 5. O-O {[%clk} d6 {[%clk} 6. c4 {[%clk} Nc6 {[%clk} 7. Nc3 {[%clk} a6 {[%clk} 8. a3 {[%clk} Na5 {[%clk} 9. Nd2 {[%clk} c5 {[%clk} 10. d5 Qc7 11. Rb1 Bd7 12. b3 b5 13. Bb2 Rab8 14. cxb5 axb5 15. Qc2 e6 16. dxe6 fxe6 17. Rfc1 d5 18. e3 Qd6 19. b4 cxb4 20. axb4 Nc4 21. Ba1 Na3 0-1

[Event "41st Arco Open 2019"]
[Site "Arco"]
[Date "2019.10.05"]
[Round "1"]
[White "Di Lazzaro, Gabriele"]
[Black "Curien, Nicolas"]
[Result "0-1"]
[ECO "D00"]
[WhiteElo "1861"]
[BlackElo "2266"]
[Annotator "ChessBase"]
[PlyCount "84"]
[EventDate "2019.10.04"]
[EventType "swiss"]
[EventCountry "ITA"]
[SourceTitle "playchess.com"]
[Source "ChessBase"]
[SourceQuality "1"]
[TimeControl "40/5400+30:1800+30"]

1. d4 {[%clk} d5 {[%clk} 2. Bf4 {[%clk} Nf6 {[%clk} 3. e3 {[%clk} e6 {[%clk} 4. c3 {[%clk} c5 5. Bd3 {[%clk} Nc6 {[%clk} 6. Nd2 Bd6 {[%clk} 7. Bg3 {[%clk} e5 {[%clk} 8. dxe5 Nxe5 {[%clk} 9. Bc2 {[%clk} O-O {[%clk} 10. h3 {[%clk} Re8 {[%clk} 11. Bxe5 Bxe5 12. Ngf3 Bc7 {[%clk} 13. O-O {[%clk} b6 {[%clk} 14. Re1 Bb7 {[%clk} 15. Nf1 Ne4 {[%clk} 16. N3d2 f5 17. Nxe4 fxe4 18. Qg4 Qf6 19. Rad1 Rad8 20. Bb3 Kh8 21. Rd2 Re5 22. Red1 Rg5 23. Qe2 Qe6 24. f4 exf3 25. Qxf3 Rf5 26. Qe2 Qe5 27. e4 Rxf1+ 28. Rxf1 Qh2+ 29. Kf2 Bf4 30. Rdd1 Qg3+ 31. Kg1 d4 32. Qf3 Qh2+ 33. Kf2 Ba6 34. c4 h6 35. Rh1 Be3+ 36. Ke2 Qe5 37. Kd3 Bb7 {[%clk} 38. Qf5 Qe7 39. Bc2 Rf8 40. Qg6 Rf6 41. Qg4 Rf4 42. Qxf4 Bxf4 0-1

[Event "41st Arco Open 2019"]
[Site "Arco"]
[Date "2019.10.05"]
[Round "1"]
[White "Farkas, Otto Jr."]
[Black "Scheftlein, Richard"]
[Result "0-1"]
[ECO "B14"]
[WhiteElo "1826"]
[BlackElo "2236"]
[Annotator "ChessBase"]
[PlyCount "64"]
[EventDate "2019.10.04"]
[EventType "swiss"]
[EventCountry "ITA"]
[SourceTitle "playchess.com"]
[Source "ChessBase"]
[SourceQuality "1"]
[TimeControl "40/5400+30:1800+30"]

1. e4 {[%clk} c6 {[%clk} 2. d4 {[%clk} d5 {[%clk} 3. exd5 {[%clk} cxd5 {[%clk} 4. c4 {[%clk} Nf6 {[%clk} 5. Nc3 {[%clk} e6 {[%clk} 6. Nf3 Bb4 {[%clk} 7. Bd2 {[%clk} O-O {[%clk} 8. a3 {[%clk} Bxc3 {[%clk} 9. Bxc3 {[%clk} dxc4 {[%clk} 10. Bxc4 {[%clk} Nd5 {[%clk} 11. O-O {[%clk} b6 {[%clk} 12. Bxd5 {[%clk} Qxd5 {[%clk} 13. Re1 {[%clk} Nd7 {[%clk} 14. Ne5 {[%clk} Bb7 {[%clk} 15. f3 {[%clk} Nf6 {[%clk} 16. Rc1 {[%clk} Rfd8 {[%clk} 17. Qe2 {[%clk} Rac8 {[%clk} 18. Nd3 Ba6 19. Qe3 Bxd3 {[%clk} 20. Qxd3 Rc7 {[%clk} 21. Qe3 Rdc8 {[%clk} 22. Bd2 Qb5 {[%clk} 23. Rxc7 Rxc7 24. Rc1 Rxc1+ {[%clk} 25. Bxc1 Nd5 {[%clk} 26. Qe5 h6 {[%clk} 27. Kf2 Qc4 {[%clk} 28. Bf4 a5 {[%clk} 29. Kg3 Qc2 {[%clk} 30. b4 a4 {[%clk} 31. Qb8+ Kh7 {[%clk} 32. Qa7 Qg6+ {[%clk} 0-1

[Event "41st Arco Open 2019"]
[Site "Arco"]
[Date "2019.10.05"]
[Round "1"]
[White "Gregoric, Andraz"]
[Black "Welling, Gerard"]
[Result "0-1"]
[ECO "B06"]
[WhiteElo "1825"]
[BlackElo "2301"]
[Annotator "ChessBase"]
[PlyCount "112"]
[EventDate "2019.10.04"]
[EventType "swiss"]
[EventCountry "ITA"]
[SourceTitle "playchess.com"]
[Source "ChessBase"]
[SourceQuality "1"]
[TimeControl "40/5400+30:1800+30"]

1. e4 {[%clk} g6 {[%clk} 2. d4 {[%clk} Bg7 {[%clk} 3. Nc3 {[%clk} d6 {[%clk} 4. Be3 {[%clk} a6 5. a4 {[%clk} b6 {[%clk} 6. Bc4 {[%clk} e6 {[%clk} 7. Nge2 {[%clk} Ne7 {[%clk} 8. f3 {[%clk} Nd7 {[%clk} 9. Qd2 {[%clk} h6 {[%clk} 10. Bb3 {[%clk} Bb7 {[%clk} 11. Nd1 {[%clk} c5 {[%clk} 12. c3 {[%clk} d5 {[%clk} 13. Nf2 {[%clk} cxd4 14. cxd4 dxe4 {[%clk} 15. fxe4 Nf6 {[%clk} 16. Ng3 h5 {[%clk} 17. h4 {[%clk} Nc6 {[%clk} 18. e5 Ng4 {[%clk} 19. Nxg4 hxg4 {[%clk} 20. h5 Bf8 21. O-O Qh4 22. Bf2 O-O-O 23. Qf4 Kb8 24. Rad1 Bh6 25. Qxf7 Rdf8 26. Qxe6 Rxf2 27. Qd6+ Ka7 28. Kxf2 Be3+ 29. Kxe3 Qxg3+ 30. Ke2 Qxb3 31. d5 Qc2+ 32. Ke3 Na5 33. Qxg6 Qxb2 34. Rd4 Rc8 35. Rb1 Rc3+ 36. Rd3 Nc4+ 37. Kf4 Qf2+ 38. Kg5 Rxd3 39. Qxd3 Nxe5 40. Qf5 Qe3+ 41. Kf6 Nc4 42. Rd1 Qc3+ 43. Kg6 Nd6 44. Qf2 Bc8 45. Rf1 Bf5+ 46. Qxf5 Nxf5 47. Rxf5 b5 48. a5 b4 49. h6 b3 50. h7 b2 51. Rf7+ Kb8 52. Rf8+ Kc7 53. d6+ Kxd6 54. Rf6+ Ke7 55. h8=Q b1=Q+ 56. Kg5 Qe5+ 0-1

[Event "41st Arco Open 2019"]
[Site "Arco"]
[Date "2019.10.06"]
[Round "3"]
[White "Halkias, Stelios"]
[Black "De Santis, Alessio"]
[Result "1-0"]
[ECO "A17"]
[WhiteElo "2530"]
[BlackElo "2178"]
[Annotator "ChessBase"]
[PlyCount "84"]
[EventDate "2019.10.04"]
[EventType "swiss"]
[EventCountry "ITA"]
[SourceTitle "playchess.com"]
[Source "ChessBase"]
[SourceQuality "1"]
[TimeControl "40/5400+30:1800+30"]

1. Nf3 Nf6 2. c4 e6 3. g3 b6 4. Bg2 Bb7 5. O-O Be7 6. Nc3 O-O 7. Re1 d6 8. e4 c5 9. d4 a6 10. d5 e5 11. Nh4 Nbd7 12. Nf5 g6 13. Nxe7+ Qxe7 14. Bg5 Kg7 15. Qd2 Rfb8 16. a4 Qe8 17. Rf1 Bc8 18. f4 Ng8 19. f5 f6 20. Be3 Nf8 21. h4 Bd7 22. g4 b5 23. g5 fxg5 24. hxg5 bxc4 25. Rf2 Ra7 26. Qe2 Rb4 27. Raf1 Bxa4 28. Bh3 Rab7 29. fxg6 Nxg6 30. Be6 Rxb2 31. Qxb2 Rxb2 32. Rxb2 Nf4 33. Bxf4 exf4 34. Rxf4 Bb3 35. Rbf2 Qh5 36. Rh2 Qg6 37. Bf5 Qxg5+ 38. Rg4 Qxg4+ 39. Bxg4 Nf6 40. Bf5 a5 41. e5 dxe5 42. d6 a4 1-0

[Event "41st Arco Open 2019"]
[Site "Arco"]
[Date "2019.10.06"]
[Round "3"]
[White "Sarkar, Justin"]
[Black "Shehzad, Shazil"]
[Result "1-0"]
[ECO "B35"]
[WhiteElo "2350"]
[BlackElo "2140"]
[Annotator "ChessBase"]
[PlyCount "89"]
[EventDate "2019.10.04"]
[EventType "swiss"]
[EventCountry "ITA"]
[SourceTitle "playchess.com"]
[Source "ChessBase"]
[SourceQuality "1"]
[TimeControl "40/5400+30:1800+30"]

1. e4 c5 2. Nf3 d6 3. d4 cxd4 4. Nxd4 Nf6 5. Nc3 a6 6. Nb3 g6 7. Be2 Bg7 8. Be3 O-O 9. O-O Nc6 10. f4 Qc7 11. Bf3 Na5 12. Nxa5 Qxa5 13. Qd2 Re8 14. Rae1 Ng4 15. Bxg4 Bxg4 16. f5 gxf5 17. Bh6 fxe4 18. Bxg7 Kxg7 19. Rxe4 Bh5 20. Qd4+ Kg8 21. Nd5 Qc5 22. Qxc5 dxc5 23. Nc7 Rac8 24. Nxe8 Rxe8 25. Re5 Bg6 26. Rxc5 Rd8 27. h4 h5 28. Rc7 e5 29. Rxb7 Rd2 30. c4 Rc2 31. Re1 e4 32. Rb6 a5 33. Rb5 f5 34. Rxa5 Rxb2 35. Ra7 f4 36. Rd1 Rb8 37. Rdd7 e3 38. Rg7+ Kf8 39. Rxg6 Rb1+ 40. Kh2 e2 41. Rf6+ Kg8 42. Re7 e1=Q 43. Rxe1 Rxe1 44. Rxf4 Ra1 45. Rf5 1-0

[Event "41st Arco Open 2019"]
[Site "Arco"]
[Date "2019.10.06"]
[Round "3"]
[White "Molnar, Bela"]
[Black "Bellmann, Rambald"]
[Result "1-0"]
[ECO "B30"]
[WhiteElo "2305"]
[BlackElo "2089"]
[Annotator "ChessBase"]
[PlyCount "69"]
[EventDate "2019.10.04"]
[EventType "swiss"]
[EventCountry "ITA"]
[SourceTitle "playchess.com"]
[Source "ChessBase"]
[SourceQuality "1"]
[TimeControl "40/5400+30:1800+30"]

1. e4 c5 2. Nf3 Nc6 3. Nc3 Nf6 4. Bb5 g6 5. e5 Ng4 6. Bxc6 dxc6 7. h3 Nh6 8. g4 Bg7 9. d3 Be6 10. Qe2 Bd5 11. Ne4 Bxe4 12. dxe4 Qd7 13. Bf4 f6 14. Rd1 Qe6 15. exf6 exf6 16. Rd6 Qxa2 17. e5 O-O 18. e6 g5 19. Bc1 Rfd8 20. Rxd8+ Rxd8 21. O-O Qd5 22. Re1 Re8 23. c4 Qd6 24. Qe4 Kh8 25. h4 gxh4 26. Bf4 Qd8 27. Bxh6 Bxh6 28. Nxh4 Qd4 29. Nf5 Qd2 30. e7 Bf4 31. Qe6 Bh2+ 32. Kg2 Qg5 33. Kxh2 h5 34. Re4 hxg4 35. Kg2 1-0